 Dungeon Crawl Stone Soup version 0.30-a0-883-g5ad918d77d (webtiles) character file.

Game seed: 16050176105504936114

97925 Axe the Destroyer (level 15, -10/122 HPs)
             Began as a Grey Draconian Earth Elementalist on Mar 16, 2023.
             Was the Champion of Hepliaklqana.
             Succumbed to a sea snake's poison
             ... on level 2 of the Lair of Beasts.
             The game lasted 01:03:11 (28341 turns).

Axe the Destroyer (DrEE)                           Turns: 28341, Time: 01:03:11

Health: -10/122    AC: 21    Str: 10    XL:     15   Next: 73%
Magic:  32/38      EV: 21    Int: 22    God:    Hepliaklqana [******]
Gold:   1063       SH:  5    Dex: 13    Spells: 17/35 levels left

rFire   + . .      SeeInvis .    V - +6 demon trident (freeze)
rCold   . . .      Faith    .    P - +0 buckler
rNeg    + . .      Spirit   .    (body armour unavailable)
rPois   .          Reflect  .    U - +2 hat
rElec   .          Rampage  .    H - +0 cloak
rCorr   +                        M - +0 pair of gloves
Will    +....                    f - +2 pair of boots "Uniq" {rCorr}
Stlth   ++                       e - amulet "Semax" {Acrobat rF+ rN+ rCorr}
HPRegen 0.40/turn                l - ring of magical power
MPRegen 0.26/turn                I - +5 ring of evasion

@: lethally poisoned (-10 -> -73)
A: reduced essence, AC +14, amphibious, unfitting armour, cold-blooded
a: Renounce Religion, Recall Ancestor, Ancestor Identity, Transference, Idealise


You were on level 2 of the Lair of Beasts.
You worshipped Hepliaklqana.
Hepliaklqana was exalted by your worship.
You visited 6 branches of the dungeon, and saw 25 of its levels.
You also visited: Ossuary, Bailey and Gauntlet.

You collected 2549 gold pieces.
You spent 1486 gold pieces at shops.

Inventory:

Hand Weapons
 V - a +6 demon trident of freezing (weapon)
Missiles
 g - 16 curare-tipped darts (quivered)
 p - 3 throwing nets
Armour
 f - the +2 pair of boots "Uniq" (worn) {rCorr}
   (You found it in a Gauntlet)

   rCorr:     It protects you from acid and corrosion.
 o - a +0 kite shield
 H - a +0 cloak (worn)
 M - a +0 pair of gloves (worn)
 P - a +0 buckler (worn)
 U - a +2 hat (worn)
Jewellery
 a - an amulet of reflection
 b - an amulet of guardian spirit
 e - the amulet "Semax" (around neck) {Acrobat rF+ rN+ rCorr}
   (You found it in a Gauntlet)

   [amulet of the acrobat]

   It increases your evasion while moving and waiting.
   rF:        It protects you from fire.
   rN:        It protects you from negative energy.
   rCorr:     It protects you from acid and corrosion.
 l - a ring of magical power (left hand)
 I - a +5 ring of evasion (right hand)
Wands
 q - a wand of flame (70)
 E - a wand of iceblast (20)
 G - a wand of polymorph (8)
 J - a wand of digging (7)
 N - a wand of paralysis (21)
 W - a wand of acid (4)
Scrolls
 s - 10 scrolls of teleportation
 v - 4 scrolls of noise
 y - a scroll of brand weapon
 z - 5 scrolls of enchant armour
 A - 5 scrolls of immolation
 B - a scroll of magic mapping
 C - 2 scrolls of blinking
 L - 2 scrolls of fog
 O - 2 scrolls of silence
 Q - a scroll of amnesia
 R - a scroll of poison
Potions
 d - 4 potions of might
 h - 3 potions of resistance
 i - 12 potions of curing
 j - 2 potions of magic
 k - 3 potions of ambrosia
 m - 6 potions of heal wounds
 n - a potion of berserk rage
 r - 4 potions of brilliance
 t - 9 potions of haste
 x - 2 potions of cancellation
 D - 2 potions of attraction
 F - 2 potions of flight
 K - 7 potions of mutation
 T - 3 potions of invisibility


   Skills:
 + Level 13.2 Fighting
 - Level 6.4 Polearms
 + Level 11.4 Dodging
 - Level 1.7 Stealth
 - Level 6.6 Shields
 + Level 10.9 Spellcasting
 * Level 14.3 Conjurations
 - Level 1.0 Transmutations
 + Level 13.7 Earth Magic


You had 17 spell levels left.
You knew the following spells:

 Your Spells              Type           Power      Damage    Failure   Level
a - Stone Arrow           Conj/Erth      100%       3d13      1%          3
b - Sandblast             Erth           100%       2d20      1%          1
c - Lee's Rapid Deconstr  Erth           32%        3d16*     1%          5
d - Iron Shot             Conj/Erth      32%        9d7       3%          6
e - Ozocubu's Armour      Ice            12%        N/A       22%         3

Your spell library contained the following spells:

 Spells                   Type           Power      Damage    Failure   Level
 Foxfire                  Conj/Fire      100%       2x1d9     1%          1
 Kiss of Death            Conj/Necr      100%       2d13      1%          1
 Magic Dart               Conj           100%       1d8       1%          1
 Passwall                 Tmut/Erth      36%        N/A       1%          2
 Static Discharge         Conj/Air       86%        2-6/arc   1%          2
 Mephitic Cloud           Conj/Pois/Air  33%        N/A       3%          3
 Fulminant Prism          Conj/Hex       21%        3d12      3%          4
 Iskenderun's Mystic Bla  Conj/Tloc      43%        2d10      3%          4
 Petrify                  Tmut/Erth      44%        N/A       3%          4
 Cigotuvi's Dreadful Rot  Necr/Pois/Air  24%        N/A       11%         2
 Poisonous Vapours        Pois/Air       24%        N/A       11%         2
 Orb of Destruction       Conj           33%        9d10      16%         7
 Confusing Touch          Hex            12%        N/A       22%         3
 Kindle Blastsparks       Fire/Tloc/Air  24%        2d12      22%         3
 Portal Projectile        Hex/Tloc       24%        N/A       22%         3
 Tukima's Dance           Hex            12%        N/A       22%         3
 Freezing Cloud           Conj/Ice/Air   16%        6-21      26%         5
 Dispel Undead            Necr           12%        3d9       56%         4
 Passage of Golubria      Tloc           12%        N/A       56%         4
 Blade Hands              Tmut           8%         N/A       78%         5
 Lehudib's Crystal Spear  Conj/Erth      32%        10d8      82%         8
 Yara's Violent Unravell  Hex/Tmut       7%         3d5       85%         5
 Metabolic Englaciation   Hex/Ice        6%         N/A       89%         5
 Spellforged Servitor     Conj/Summ      21%        N/A       97%         7
 Simulacrum               Ice/Necr       6%         N/A       100%        6
 Polar Vortex             Ice            6%         N/A       100%        9


Dungeon Overview and Level Annotations

Branches:
Dungeon (15/15)            Temple (1/1) D:5            Lair (5/5) D:11
 Shoals (1/4) Lair:2       Spider (0/4) Lair:3        Slime (1/5) Lair:4
    Orc (2/2) D:11            Elf (0/3) Orc:2        Vaults (0/5) D:13
 Depths (0/4) D:15        Ossuary (visited)          Bailey (visited)
Gauntlet (visited)

Altars:
Ashenzari
Cheibriados
Dithmenos
Elyvilon
Fedhas
Gozag
Hepliaklqana
Kikubaaqudgha
Makhleb
Nemelex Xobeh
Okawaru
Qazlal
Ru
Sif Muna
Trog
Uskayaw
Vehumet
Wu Jian
Xom
Yredelemnul
Zin
The Shining One
Jiyva

Shops:
D:6 (   D:8 ?   Orc:2 (!!(:

Annotations:
D:11 3 runed translucent doors, Newt's ghost, journeyman KoHu; OrthodoxDeviant's ghost, journeyman TeFE; a11behringer's ghost, journeyman DrBe


Innate Abilities, Weirdness & Mutations

Your life essence is reduced to manifest your ancestor. (-10% HP)
Your dull iron-grey scales are very hard. (AC +14)
You are amphibious.
You cannot fit into any form of body armour.
You are cold-blooded and may be slowed by cold attacks.


Message History

Confirm with . or Enter, or press ? or * to list all spells.
Aiming: Stone Arrow (safe; 1% risk of failure)
Press: ? - help, Shift-Dir - straight line, f - alligator
Aim: an alligator (81% to hit)
The stone arrow hits the alligator!
The alligator is lightly wounded.
You feel very sick. The sea snake bites you.
You are lethally poisoned!
The sea snake poisons you! The alligator bites you! The alligator misses you.
The alligator puts on a burst of speed!
Friðuswiþ hits the alligator with a +0 quarterstaff.
The skyshark closely misses you. The skyshark misses you.
The skyshark tail-slaps you but does no damage.
You block the sea snake's attack.
Casting: Stone Arrow (safe; 1% risk of failure)
Confirm with . or Enter, or press ? or * to list all spells.
Aiming: Stone Arrow (safe; 1% risk of failure)
Press: ? - help, Shift-Dir - straight line, f/p - alligator
Aim: an alligator (lightly wounded, 81% to hit)
The stone arrow hits the alligator!
The alligator is moderately wounded.
* * * LOW HITPOINT WARNING * * *
You feel extremely sick. The alligator barely misses you.
The alligator tail-slaps you but does no damage.
The alligator barely misses you. You block the alligator's attack.
Friðuswiþ hits the alligator with a +0 quarterstaff.
The skyshark bites you!!
* * * LOW HITPOINT WARNING * * *
The skyshark enters a blood-rage!
The skyshark completely misses you.
The skyshark tail-slaps you but does no damage.
The sea snake bites you but does no damage.
The alligator puts on a burst of speed!
Blink to where?
Press: ? - help, Dir - move target, p - alligator Floosh!
You fall into the shallow water.
As you read the scroll of blinking, it crumbles to dust.
You die...

....#.##~~~#~#~~~##....>.....#
#######~###'~####~#..........#
# #~~~#t~~#~~~###...###'.#
#≈≈~#~§t#)≈≈# ##..##..##
#~~~#SRl#~~~# ###......#
#~####~'###~###...PP.###
###~~~#~#~≈~##.......[##
#.#≈~~###~~~#..........# ##
###.#~~~#.#~~@#.........P#
P###...'####.#####.........##
.................†..........#
.#####......[....##.........#
.# #..##..########........##
## ######## ##########


You could see the friendly Friðuswiþ the battlemage, a skyshark (berserk), an
alligator (swift) and a sea snake.

Vanquished Creatures
  An orc warlord (Bailey)
  The ghost of snackwell the Fencer, a journeyman HuGl of Hepliaklqana (Lair:3)
  A minotaur (Gauntlet)
  An ettin (D:13)
  3 hydras
  Fannar (Lair:3)
  Harold (D:11)
  3 boulder beetles
  2 catoblepae (Lair:5)
  A centaur warrior (D:15)
  6 two-headed ogres
  Sonja (Lair:5)
  6 tengu warriors
  3 death yaks (Lair:5)
  2 skeletal warriors (D:14)
  4 skysharks
  A pharaoh ant (Lair:3)
  A sea snake (shapeshifter) (D:15)
  A lindwurm (D:13)
  A wizard (D:13)
  2 deep elf pyromancers (D:13)
  Pikel (D:7)
  A necromancer (D:14)
  13 ugly things
  An oklob plant (Lair:4)
  8 orc sorcerers
  5 manticores
  3 cyclopes
  An elephant (D:11)
  A merfolk siren (Lair:2)
  A black mamba (Lair:4)
  3 gargoyles
  3 cane toads
  A torpor snail (Lair:2)
  3 komodo dragons
  An unseen horror (shapeshifter) (D:14)
  2 efreet
  A merfolk (Shoals:1)
  2 trolls (D:14)
  2 polar bears (Lair:3)
  A tyrant leech (Gauntlet)
  Prince Ribbit (Lair:2)
  2 hornets
  9 blink frogs
  9 flying skulls (Gauntlet)
  8 slime creatures
  A jumping spider (shapeshifter) (D:13)
  4 water elementals
  Sigmund (D:6)
  3 shadows
  2 vampires
  4 wyverns
  2 steam dragons
  3 wraiths
  27 yaks
  5 basilisks
  8 vampire mosquitoes
  A redback (Lair:3)
  2 wargs
  2 swamp worms (Gauntlet)
  6 water moccasins
  A warg (shapeshifter) (D:13)
  An acid dragon (D:12)
  2 ice beasts
  13 orc warriors
  4 black bears
  8 wolves
  2 sky beasts
  11 ogres
  12 centaurs
  A phantom (D:5)
  A kobold brigand (D:8)
  4 lemures
  Blork the orc (D:5)
  7 bullfrogs
  A scorpion (D:5)
  2 gnoll sergeants
  6 wights
  10 killer bees
  An electric eel (Lair:2)
  A lava snake (D:15)
  2 battlemagi
  5 howler monkeys
  A quasit (D:7)
  A centaur zombie (Ossuary)
  A human zombie (Ossuary)
  14 orc priests
  7 hounds
  2 iguanas
  21 orc wizards
  2 polar bear simulacra (D:14)
  2 yak simulacra (D:14)
  A wolf simulacrum (D:14)
  3 mummies (Ossuary)
  6 adders
  18 gnolls
  5 shadow imps
  5 white imps (D:7)
  3 ufetubi
  2 worms (D:2)
  4 dart slugs
  52 orcs
  4 ball pythons
  8 endoplasms
  17 giant cockroaches
  12 goblins
  10 hobgoblins
  2 jackals (D:4)
  8 kobolds
  4 quokkas
  4 bats
  4 frilled lizards
  A gnoll zombie (Ossuary)
  A goblin zombie (Ossuary)
  A hobgoblin zombie (Ossuary)
  2 kobold zombies (Ossuary)
  An orc zombie (Ossuary)
  6 rats
  3 river rat simulacra (D:14)
531 creatures vanquished.

Vanquished Creatures (collateral kills)
  2 hydras
  2 ogre magi
  A catoblepas (Lair:5)
  A two-headed ogre (Orc:2)
  A centaur warrior (D:13)
  2 boulder beetles (D:13)
  5 death yaks (Lair:5)
  A skeletal warrior (D:14)
  An orc knight (Orc:1)
  A phantasmal warrior (D:12)
  6 ugly things
  An oklob plant (Lair:4)
  3 orc sorcerers
  A cyclops (D:13)
  3 manticores
  A merfolk siren (Shoals:1)
  3 cane toads
  A naga mage (D:15)
  2 yaktaurs (D:13)
  A rime drake (Lair:3)
  A komodo dragon (Lair:2)
  5 trolls
  3 polar bears
  5 blink frogs
  6 slime creatures
  A shadow (D:10)
  2 wyverns
  A water elemental (D:15)
  2 wraiths
  34 yaks
  A human (D:11)
  A redback (Lair:3)
  2 vampire mosquitoes (D:10)
  A steam dragon (D:9)
  A swamp worm (Gauntlet)
  3 wargs
  An acid dragon (D:12)
  6 water moccasins
  10 orc warriors
  2 ogres (Orc:2)
  2 wolves
  A centaur (D:12)
  A kobold brigand (D:10)
  4 bullfrogs
  A scorpion (D:6)
  3 wights (D:8)
  2 electric eels
  A gnoll bouda (D:8)
  Crazy Yiuf (D:6)
  10 orc priests
  17 orc wizards
  2 polar bear simulacra (D:14)
  A yak simulacrum (D:14)
  2 gnolls
  2 white imps (D:7)
  An ufetubus (D:7)
  29 orcs
  8 hobgoblins (Bailey)
  2 kobolds
  6 goblins (Bailey)
223 creatures vanquished.

Vanquished Creatures (others)
  A howler monkey (D:6)
  28 battlemagi
  4 ancestors
  3 orcs (Orc:2)
  2 demonic plants (D:7)
  16 fungi
  30 plants
  4 withered plants (D:11)
88 creatures vanquished.

Grand Total: 842 creatures vanquished

Notes
Turn   | Place    | Note
-------+----------+-------------------------------------------
     0 | D:1      | Axe the Draconian Earth Elementalist began the quest for
                  | the Orb.
     0 | D:1      | Reached XP level 1. HP: 14/14 MP: 3/3
   337 | D:1      | Reached XP level 2. HP: 22/22 MP: 3/5
   645 | D:1      | Reached skill level 1 in Fighting
  1086 | D:2      | Reached XP level 3. HP: 17/28 MP: 0/6
  1630 | D:2      | Reached XP level 4. HP: 35/35 MP: 3/8
  2385 | D:3      | Learned a level 3 spell: Stone Arrow
  2406 | D:3      | Reached XP level 5. HP: 41/41 MP: 10/10
  2514 | D:3      | Found an opulent altar of Gozag.
  2515 | D:3      | Found an iron altar of Okawaru.
  2516 | D:3      | Found a sparkling altar of Nemelex Xobeh.
  3186 | D:4      | Reached skill level 1 in Conjurations
  3214 | D:4      | Noticed a black bear
  3233 | D:4      | Killed a black bear
  3234 | D:4      | Reached XP level 6. HP: 50/50 MP: 11/11
  3483 | D:4      | Found a blossoming altar of Fedhas.
  3681 | D:5      | Entered Level 5 of the Dungeon
  3729 | D:5      | Reached skill level 2 in Conjurations
  3740 | D:5      | Found a sand-covered staircase.
  3744 | D:5      | Found a glowing golden altar of the Shining One.
  3759 | Ossuary  | Entered an ossuary
  3956 | Ossuary  | Your scales start taking on a dull iron-grey colour.
  3956 | Ossuary  | Reached skill level 5 in Earth Magic
  3956 | Ossuary  | Reached XP level 7. HP: 52/57 MP: 12/12
  4015 | Ossuary  | Reached skill level 3 in Conjurations
  4053 | D:5      | Noticed Blork the orc
  4064 | D:5      | Killed Blork the orc
  4205 | D:5      | Found a staircase to the Ecumenical Temple.
  4220 | Temple   | Entered the Ecumenical Temple
  4467 | Temple   | Became a worshipper of Hepliaklqana the Forgotten
  4930 | D:5      | Reached skill level 4 in Conjurations
  4968 | D:5      | Reached XP level 8. HP: 66/66 MP: 12/14
  5283 | D:6      | Reached skill level 5 in Conjurations
  5364 | D:6      | Noticed Sigmund
  5368 | D:6      | Killed Sigmund
  5433 | D:6      | Reached * piety under Hepliaklqana
  5440 | D:6      | Found a large runed translucent door.
  5441 | D:6      | Found a large runed translucent door.
  5501 | D:6      | Found a large runed translucent door.
  5501 | D:6      | Found a large runed translucent door.
  5523 | D:6      | Reached skill level 5 in Spellcasting
  5576 | D:6      | Noticed a two-headed ogre
  5685 | D:6      | Reached skill level 5 in Fighting
  5685 | D:6      | Reached skill level 6 in Conjurations
  5696 | D:6      | Reached XP level 9. HP: 61/66 MP: 16/16
  5733 | D:6      | Found Lutayku's Antique Weapon Emporium.
  5741 | D:6      | Bought a smoking quarterstaff for 270 gold pieces
  5741 | D:6      | Identified the +8 quarterstaff of Cheibriados's Delight
                  | {holy, rC+} (You bought it in a shop on level 6 of the
                  | Dungeon)
  6151 | D:6      | Found a sacrificial altar of Ru.
  6209 | D:6      | Reached skill level 5 in Dodging
  6382 | D:6      | Found a runed translucent door.
  6383 | D:6      | Noticed Crazy Yiuf
  6388 | D:6      | Killed Crazy Yiuf
  6459 | D:6      | Killed a two-headed ogre
  6460 | D:6      | Reached skill level 7 in Conjurations
  7059 | D:7      | Reached XP level 10. HP: 73/74 MP: 19/19
  7229 | D:7      | Noticed Pikel
  7311 | D:7      | Killed Pikel
  7312 | D:7      | Reached skill level 8 in Conjurations
  7647 | D:8      | Found Uvonkug's Magic Scroll Boutique.
  7654 | D:8      | Bought a scroll of identify for 30 gold pieces
  7794 | D:8      | Reached ** piety under Hepliaklqana
  7795 | D:8      | Remembered your ancestor Friðuswiþ as a battlemage
  7802 | D:8      | Noticed a gargoyle
  7808 | D:8      | Killed a gargoyle
  8324 | D:9      | Noticed a two-headed ogre
  8328 | D:9      | Killed a two-headed ogre
  8329 | D:9      | Reached skill level 9 in Conjurations
  8398 | D:9      | Found a flagged portal.
  8408 | Bailey   | Entered a bailey
  8888 | Bailey   | Noticed an orc warlord
  9248 | Bailey   | Killed an orc warlord
  9249 | Bailey   | Reached XP level 11. HP: 59/83 MP: 12/21
  9591 | D:9      | Reached *** piety under Hepliaklqana
  9728 | D:9      | Found a broken altar of Ashenzari.
  9730 | D:9      | Found a blossoming altar of Fedhas.
  9730 | D:9      | Found a shimmering altar of Xom.
  9732 | D:9      | Found an ornate altar of the Wu Jian Council.
  9732 | D:9      | Found a white marble altar of Elyvilon.
  9732 | D:9      | Found a shimmering altar of Xom.
  9952 | D:9      | Reached skill level 10 in Conjurations
 10147 | D:10     | Entered Level 10 of the Dungeon
 10155 | D:10     | Found a radiant altar of Vehumet.
 10392 | D:10     | Found a broken altar of Ashenzari.
 11079 | D:11     | Noticed a boulder beetle
 11080 | D:11     | Reached skill level 1 in Shields
 11082 | D:11     | Noticed a two-headed ogre
 11305 | D:10     | Killed a boulder beetle
 11422 | D:11     | Found a staircase to the Orcish Mines.
 11614 | D:11     | Found a runed translucent gate.
 11615 | D:11     | Found a runed translucent gate.
 11615 | D:11     | Found a runed translucent gate.
 11621 | D:11     | Noticed OrthodoxDeviant's ghost (journeyman TeFE)
 11621 | D:11     | Noticed a11behringer's ghost (journeyman DrBe)
 11621 | D:11     | Noticed Newt's ghost (journeyman KoHu)
 11658 | D:11     | Killed a two-headed ogre
 11826 | D:11     | Reached **** piety under Hepliaklqana
 11831 | D:11     | Found a staircase to the Lair.
 11839 | D:11     | Reached XP level 12. HP: 92/92 MP: 12/24
 12179 | D:11     | Noticed a two-headed ogre
 12182 | D:11     | Killed a two-headed ogre
 12335 | D:12     | Noticed a two-headed ogre
 12340 | D:12     | Killed a two-headed ogre
 12424 | D:12     | Reached skill level 5 in Shields
 12753 | D:12     | Learned a level 5 spell: Lee's Rapid Deconstruction
 12770 | D:12     | Noticed a two-headed ogre
 12775 | D:12     | Reached skill level 10 in Earth Magic
 12776 | D:12     | Killed a two-headed ogre
 12925 | D:12     | Identified the +5 long sword of Profit {freeze, *Rage rF++
                  | rN+++ Int-3}
 13691 | D:13     | Found a gate leading to a gauntlet.
 13708 | Gauntlet | Entered a Gauntlet
 13708 | Gauntlet | Found a transporter.
 13822 | Gauntlet | Found a transporter.
 13823 | Gauntlet | Found a runed translucent door.
 13834 | Gauntlet | Found a runed translucent door.
 13836 | Gauntlet | Found a transporter.
 13840 | Gauntlet | Found a transporter.
 13850 | Gauntlet | Found a transporter.
 13868 | Gauntlet | Noticed a green death
 13871 | Gauntlet | Found a transporter.
 13876 | Gauntlet | Found a transporter.
 13880 | Gauntlet | Found a transporter.
 13903 | Gauntlet | Found a transporter.
 13904 | Gauntlet | Reached ***** piety under Hepliaklqana
 14070 | Gauntlet | Reached skill level 10 in Fighting
 14210 | Gauntlet | Reached XP level 13. HP: 67/101 MP: 0/26
 14358 | Gauntlet | Identified the +2 pair of boots "Uniq" {rCorr}
 14382 | Gauntlet | Reached skill level 11 in Conjurations
 14482 | Gauntlet | Identified the amulet "Semax" {Acrobat rF+ rN+ rCorr}
 14504 | Gauntlet | Identified the +9 morningstar of Judgement {vamp, rC+ rCorr
                  | Stlth+}
 14504 | Gauntlet | Noticed a minotaur
 14515 | Gauntlet | Killed a minotaur
 14625 | D:13     | Reached skill level 1 in Polearms
 14752 | D:13     | You fall into a shaft and drop 1 floor!
 15231 | D:15     | Entered Level 15 of the Dungeon
 15551 | D:13     | Found a gate to the Vaults.
 15759 | D:13     | Found a runed translucent door.
 15857 | D:13     | Reached skill level 5 in Polearms
 15872 | D:13     | Noticed an ettin
 16043 | D:13     | Killed an ettin
 16348 | Lair:1   | Entered Level 1 of the Lair of Beasts
 16373 | Lair:1   | Acquired the Collected Works on Attacks
 16384 | Lair:1   | Learned a level 6 spell: Iron Shot
 17790 | Lair:2   | Reached skill level 10 in Dodging
 18000 | Lair:2   | Reached XP level 14. HP: 111/111 MP: 23/27
 18037 | Lair:2   | Noticed Prince Ribbit
 18040 | Lair:2   | Killed Prince Ribbit
 18761 | Lair:2   | Found a staircase to the Shoals.
 18895 | Lair:3   | Noticed Fannar
 18902 | Lair:3   | Killed Fannar
 19412 | Lair:3   | Reached ****** piety under Hepliaklqana
 19446 | Lair:3   | Identified the +2 chain mail of Difuif {Rampage Fly Dex-3}
 19545 | Lair:3   | Found a bloodstained altar of Trog.
 19627 | Lair:3   | Reached skill level 12 in Conjurations
 19708 | Lair:3   | Found a hole to the Spider Nest.
 19730 | Lair:3   | Found a runed translucent door.
 19731 | Lair:3   | Noticed snackwell's ghost (journeyman HuGl)
 19731 | Lair:3   | Found the +2 pair of slick slippers {slick, slippery, EV+5}
 20007 | Lair:3   | Killed snackwell's ghost
 20291 | Lair:4   | Found a staircase to the Slime Pits.
 20291 | Lair:4   | Found a viscous altar of Jiyva.
 20758 | Lair:4   | Identified the +9 short sword of the Original Sin {flame,
                  | Fly rC- rN+}
 21234 | Slime:1  | Entered Level 1 of the Pits of Slime
 21245 | Lair:5   | Entered Level 5 of the Lair of Beasts
 21835 | Lair:5   | Noticed Sonja
 21861 | Lair:5   | Killed Sonja
 22130 | Lair:5   | Reached skill level 10 in Spellcasting
 22641 | Lair:5   | Reached skill level 13 in Conjurations
 22880 | Lair:5   | Identified the +0 ring mail of Rytiucke {Int+2}
 23208 | Orc:1    | Entered Level 1 of the Orcish Mines
 23281 | Orc:1    | Noticed Harold
 23285 | Orc:1    | Paralysed by Harold for 5 turns
 23303 | D:11     | Killed Harold
 23304 | D:11     | Reached XP level 15. HP: 103/120 MP: 29/29
 23615 | Orc:2    | Entered Level 2 of the Orcish Mines
 23685 | Orc:2    | Paralysed by an orc sorcerer for 4 turns
 24302 | Orc:2    | Paralysed by an orc sorcerer for 2 turns
 24387 | Orc:2    | Found a staircase to the Elven Halls.
 24388 | Orc:2    | Found Vinaca's Weapon Boutique.
 24488 | Orc:2    | Found an ancient bone altar of Kikubaaqudgha.
 24496 | Orc:2    | Found Joixah's Distillery.
 24506 | Orc:2    | Found a radiant altar of Vehumet.
 24525 | Orc:2    | Found Umic's Antique Weapon Shop.
 24543 | Orc:2    | Found Yrghalipt's Book Shop.
 24554 | Orc:2    | Bought Iskenderun's Vellum of Wounds for 690 gold pieces
 24586 | Orc:2    | Found Waticsask's Distillery.
 24594 | Orc:2    | Bought a potion of heal wounds for 80 gold pieces
 24594 | Orc:2    | Bought 2 potions of resistance for 320 gold pieces
 24594 | Orc:2    | Bought a potion of curing for 48 gold pieces
 24594 | Orc:2    | Bought a potion of curing for 48 gold pieces
 24874 | D:12     | Learned a level 3 spell: Ozocubu's Armour
 26603 | D:14     | Identified the +6 halberd of the Eight Tables {antimagic,
                  | rElec SInv}
 26759 | D:15     | Reached skill level 14 in Conjurations
 27679 | D:15     | Found a hazy altar of Hepliaklqana.
 27878 | Shoals:1 | Entered Level 1 of the Shoals
 28340 | Lair:2   | HP: 4/122 [skyshark (22)]
 28341 | Lair:2   | Succumbed to a sea snake's poison

Illustrated notes

Levels and vault maps discovered:
D:1:      sevenhm_arrival_forest_fort_small_5, layout_loops_cross,
          chequers_decorated_corner, hangedman_decor_peaks_small, st_stairs_3,
          chequers_avenue
D:2:      minmay_roachtagon, layout_loops_ring, minmay_misc_feat_chi,
          grunt_decor_one_mirror
D:3:      layout_loops_ring, chequers_temple_overflow_statue_of_worship,
          glass_columns_a, minmay_pentomino_pile
D:4:      layout_loops_ring, fedhas_ov_isle_minmay
D:5:      layout_gridville, mainiacjoe_overflow_tiny_flanked,
          minmay_temple_entry_proselytizer, nicolae_ossuary_entry_monument,
          kennysheep_generic_room_5, uniq_blork_the_orc
D:6:      layout_loops_ring, nicolae_ru_the_path_less_chosen,
          nicolae_stop_n_shop_1, minmay_hollow_rounded_squares, uniq_sigmund,
          uniq_crazy_yiuf_cottage
D:7:      layout_rooms, serial_demonic, serial_demonic_c, serial_demonic_a,
          serial_demonic_d, serial_demonic_a, serial_demonic_a,
          serial_demonic_b, nicolae_figureground_pulse, uniq_pikel
D:8:      layout_gridville, serial_shops, nicolae_shop_stone
D:9:      layout_irregular_city, doesnt_xom_only_xom, enter_bailey_2
D:10:     layout_roguey, nicolae_vehumet_radiance, evilmike_ruin_ashenzari
D:11:     layout_grid_maze, david_lair_generic, erik_orc_4,
          gammafunk_ghost_cemetery
D:12:     nzn_winding_woodlands_small
          [nzn_winding_woodlands_5x15_pathside_ponds,
          nzn_winding_woodlands_center_lodge, nzn_winding_woodlands_5x15_eye],
          layout_cross
D:13:     layout_rooms, david_vaults_4, gauntlet_entry_generic, lightli_airlock
D:14:     layout_layer_cave, serial_bayou_lagoon_a, nicolae_wwwww,
          eino_house_with_fridge
D:15:     hangedman_depths_entry_try_elsewhere_first, layout_basic,
          grunt_decor_junction, nicolae_hepliaklqana_hippocampus
Temple:   nicolae_temple_bog_church
Lair:1:   gammafunk_indiana_jones, layout_cave_pods
Lair:2:   layout_roguey, elwin_shoals_entry_rooms, grunt_megastairs_4,
          uniq_prince_ribbit2
Lair:3:   layout_regular_city, nicolae_spider_entry_lesser_pyramids,
          basic_altar, ebering_ghost_reflecting_pool, grunt_megastairs_3,
          uniq_fannar
Lair:4:   minmay_lair_oklob_chamber, layout_regular_city, slime_entry_1,
          infiniplex_staircase_pool_2
Lair:5:   evilmike_catoblepas_cave, layout_misc_corridors, lemuel_fruit_tree,
          grunt_megastairs_5, uniq_sonja
Shoals:1: layout_shoals, nicolae_shoals_goliath_grotto
Slime:1:  layout_caves, cheibrodos_slime_lost_civilization_4
Orc:1:    layout_caves, uniq_harold
Orc:2:    kennysheep_orc_mage_school, layout_caves, serial_shops,
          nicolae_shop_behind_doors, nicolae_orc_bridge_out

Skill      XL: |  1  2  3  4  5  6  7  8  9 10 11 12 13 14 15 |
---------------+----------------------------------------------+-----
Dodging        | 2 3 4 5 6 7 8 10 11 | 11.4
Fighting       | 1 2 3 5 6 7 8 10 11 12 13 | 13.2
Spellcasting   | 3 4 5 6 7 8 9 10 | 10.9
Conjurations   | 1 2 4 6 7 9 10 11 13 14 | 14.3
Earth Magic    | 4 5 6 7 9 11 12 13 | 13.7
Shields        | 4 6 |  6.6
Polearms       | 6 |  6.4
Stealth        | |  1.7
Transmutations | |  1.0

Action                     |  1- 3 |  4- 6 |  7- 9 | 10-12 | 13-15 || total
---------------------------+-------+-------+-------+-------+-------++-------
  Melee: Dagger            |    38 |     2 |       |       |       ||    40
         Unarmed           |     4 |       |       |       |       ||     4
         Tailslap          |     3 |       |       |    19 |    32 ||    54
         Punch             |       |     1 |     1 |       |       ||     2
         Short sword       |       |     4 |     4 |       |       ||     8
         Staff             |       |       |       |   136 |       ||   136
         Demon trident     |       |       |       |       |   304 ||   304
  Throw: Dart              |       |     7 |     3 |     1 |     5 ||    16
   Cast: Sandblast         |    74 |   103 |   137 |   151 |       ||   465
         Stone Arrow       |       |       |    22 |   209 |   471 ||   702
 Invoke: Recall Ancestor   |       |       |       |     3 |     9 ||    12
         Ancestor Life: Ba |       |       |       |     1 |       ||     1
  Evoke: Wand              |       |       |     5 |     9 |     3 ||    17
    Use: Scroll            |       |     2 |     5 |    14 |    16 ||    37
         Potion            |       |       |       |     3 |     2 ||     5
   Stab: Distracted        |       |       |       |     1 |     5 ||     6
         Petrified         |       |       |       |       |     2 ||     2
         Sleeping          |       |       |       |       |     2 ||     2
         Invisible         |       |       |       |       |     1 ||     1
 Armour: Skin              |    30 |    17 |    31 |    88 |   156 ||   322
  Dodge: Dodged            |    59 |    33 |    51 |   283 |   345 ||   771
  Block: Other             |       |    12 |    20 |    27 |       ||    59
         Reflection        |       |       |     4 |    19 |       ||    23
         Buckler           |       |       |       |   132 |    96 ||   228

Table legend: (Time is in decaauts)
 A = Elapsed time spent in this place.
 B = Non-inter-level travel time spent in this place.
 C = Inter-level travel time spent in this place.
 D = Time resting spent in this place.
 E = Time spent auto-exploring this place.
 F = Levels seen in this place.
 G = Mean time per level.
                   A        B        C        D        E       F      G
               +--------+--------+--------+--------+--------+-----+--------+
         Total |  28669 |  27547 |   1122 |   9584 |  12035 |  28 | 1023.9 |
       Dungeon |  17237 |  16478 |    759 |   5424 |   7806 |  15 | 1149.1 |
        Temple |    259 |    248 |     11 |     63 |     88 |   1 |  259.0 |
          Lair |   7297 |   6993 |    304 |   2666 |   3479 |   5 | 1459.4 |
        Shoals |     85 |     85 |      0 |     51 |      0 |   1 |   85.0 |
    Slime Pits |      1 |      1 |      0 |      0 |      0 |   1 |    1.0 |
  Orcish Mines |   1594 |   1547 |     47 |    465 |    578 |   2 |  797.0 |
       Ossuary |    306 |    306 |      0 |     93 |      0 |   1 |  306.0 |
        Bailey |   1027 |   1027 |      0 |    385 |      0 |   1 | 1027.0 |
      Gauntlet |    860 |    860 |      0 |    437 |     84 |   1 |  860.0 |
               +--------+--------+--------+--------+--------+-----+--------+

Top non-repeatable levels by time:
    D:14: 1986 daAuts
  Lair:2: 1798 daAuts
  Lair:5: 1750 daAuts
     D:6: 1546 daAuts
    D:13: 1483 daAuts
  Lair:3: 1447 daAuts
    D:15: 1279 daAuts
     D:2: 1263 daAuts
  Lair:1: 1225 daAuts
    D:10: 1219 daAuts
    D:12: 1205 daAuts
    D:11: 1122 daAuts
  Lair:4: 1075 daAuts
     D:1: 1067 daAuts
  Bailey: 1027 daAuts
